Description

ZvP - 3 hatches + baneling bust

Replay - IlIllIllIllI v True - Disco Bloodbath LE

Build Order

Get SALT Encoding   

  12  0:01  Drone  
  13  0:12  Overlord  
  13  0:16  Drone  
  14  0:31  Drone x2  
  16  0:36  Drone  
  17  0:51  Hatchery  
  17  0:55  Drone  
  17  1:06  Extractor  
  17  1:10  Spawning Pool  
  15  1:13  Drone x2  
  17  1:20  Drone  
  18  1:45  Hatchery  
  17  1:50  Drone  
  19  2:03  Queen  
  21  2:11  Metabolic Boost  
  21  2:20  Queen  
  24  2:30  Overlord  
  24  2:32  Zergling x4  
  30  2:59  Zergling x6  
  30  3:00  Baneling Nest  
  33  3:05  Zergling x4  
  33  3:11  Zergling x4  
  35  3:18  Zergling x2  
  42  3:42  Overlord x2  
  42  3:47  Baneling x7  
Spawning Tool Build Advisor. Get it on Overwolf

Go to:

Details

  • Created by: xenlee
  • Published on: Dec 24, 2019
  • Modified on: Dec 24, 2019
  • Patch: 4.11.0
Show
View Real Time Build Order
Export as new Build Order

Comments (0)

There are no comments. Be the first!

Create an account to comment!